 Dungeon Crawl Stone Soup version 0.26.0-90-g5fd8617961 (webtiles) character file.

Game seed: 14860388990540427954

3839 Descartes the Destroyer (level 9, 0/45 HPs)
             Began as a Deep Elf Wanderer on Feb 2, 2021.
             Was a Follower of Vehumet.
             Slain by a killer bee (3 damage)
             ... on level 8 of the Dungeon.
             The game lasted 00:45:31 (13005 turns).

Descartes the Destroyer (Deep Elf Wanderer)        Turns: 13005, Time: 00:45:31

Health: 0/45       AC:  7    Str:  9    XL:     9   Next: 98%
Magic:  18/19      EV: 12    Int: 22    God:    Vehumet [*.....]
Gold:   277        SH:  5    Dex: 15    Spells: 2/19 levels left

rFire    . . .     SeeInvis .   b - +4 dagger (venom)
rCold    . . .     Faith    .   (no shield)
rNeg     . . .     Spirit   .   k - +0 leather armour
rPois    +         Reflect  +   (no helmet)
rElec    .         Harm     .   F - +1 cloak
rCorr    .         Rampage  .   c - +0 pair of gloves
Will     .....                  e - +0 pair of boots
Stlth    +++.......             T - amulet of reflection
HPRegen  0.15/turn              p - ring of poison resistance
MPRegen  0.16/turn              G - ring of stealth

@: lethally poisoned (0 -> 0), very slightly contaminated, invisible
A: strong 1, wild magic 1
a: Renounce Religion


You were on level 8 of the Dungeon.
You worshipped Vehumet.
Vehumet was aware of your devotion.
You visited 2 branches of the dungeon, and saw 9 of its levels.

You collected 407 gold pieces.
You spent 130 gold pieces at shops.

Inventory:

Hand Weapons
 a - a +4 quarterstaff of chaos
 b - a +4 dagger of venom (weapon)
 s - a +0 morningstar of flaming
 v - a +0 dagger of pain
 x - a +2 whip of freezing
 O - a +0 shortbow
Missiles
 f - 6 atropa-tipped darts
 i - 322 stones
 j - 13 javelins
 m - 100 bolts
 w - 75 sling bullets
 E - 98 arrows
 H - 22 poisoned darts (quivered)
 M - 14 boomerangs
 Q - 4 curare-tipped darts
Armour
 c - a +0 pair of gloves (worn)
 e - a +0 pair of boots (worn)
 k - a +0 leather armour (worn)
 F - a +1 cloak (worn)
Magical Staves
 P - an uncursed staff of cold
Jewellery
 g - an uncursed ring of protection from cold {unknown}
 p - a ring of poison resistance (left hand)
 C - an uncursed ring of wizardry
 G - a ring of stealth (right hand)
 K - an uncursed ring of fire
 T - an amulet of reflection (around neck)
Wands
 t - a wand of disintegration (9)
 u - a wand of polymorph (8)
 J - a wand of enslavement (9)
Scrolls
 h - a scroll of blinking {unknown}
 l - 5 scrolls of enchant armour
 n - a scroll of immolation {unknown}
 o - 3 scrolls of teleportation
 y - 7 scrolls of remove curse
 A - 4 scrolls of amnesia
 B - 4 scrolls of fear
 D - a scroll of magic mapping
 L - a scroll of fog {unknown}
 R - a scroll of brand weapon {unknown}
 S - a scroll of enchant weapon {unknown}
Potions
 d - a potion of invisibility
 q - 2 potions of lignification
 r - 2 potions of magic
 z - 2 potions of attraction
 N - 4 potions of brilliance


   Skills:
 - Level 1.0 Throwing
 + Level 2.9 Dodging
 + Level 3.0 Stealth
 - Level 1.0 Shields
 + Level 5.5 Spellcasting
 + Level 8.9 Conjurations
 + Level 5.1 Hexes
 - Level 3.0 Necromancy
 - Level 3.0 Transmutations
 - Level 3.0 Fire Magic
 - Level 7.0 Air Magic
 + Level 1.2 Earth Magic
 - Level 5.0 Poison Magic
 + Level 3.4 Evocations


You had 2 spell levels left.
You knew the following spells:

 Your Spells              Type           Power        Failure   Level
a - Shock                 Conj/Air       100%         1%          1
b - Magic Dart            Conj           100%         1%          1
c - Mephitic Cloud        Conj/Pois/Air  47%          4%          3
d - Ignite Poison         Fire/Tmut/Pois 28%          13%         3
e - Sandblast             Erth           28%          13%         1
f - Searing Ray           Conj           100%         1%          2
g - Invisibility          Hex            37%          96%         6

Your spell library contained the following spells:

 Spells                   Type           Power        Failure   Level
 Swiftness                Air            47%          2%          2
 Beastly Appendage        Tmut           50%          7%          1
 Passwall                 Tmut/Erth      15%          13%         2
 Dazzling Flash           Conj/Hex       96%          4%          3
 Fulminant Prism          Conj/Hex       24%          12%         4
 Iskenderun's Mystic Bla  Conj/Tloc      33%          30%         4
 Passage of Golubria      Tloc           N/A          86%         4
 Lee's Rapid Deconstruct  Erth           7%           95%         5


Dungeon Overview and Level Annotations

Branches:
Dungeon (8/15)             Temple (1/1) D:7
   Lair: D:8-11

Altars:
Ashenzari
Cheibriados
Dithmenos
Elyvilon
Fedhas
Gozag
Hepliaklqana
Kikubaaqudgha
Makhleb
Nemelex Xobeh
Okawaru
Qazlal
Ru
Sif Muna
Trog
Uskayaw
Vehumet
Wu Jian
Xom
Yredelemnul
Zin
The Shining One


Innate Abilities, Weirdness & Mutations

Your muscles are strong. (Str +2)
Your spells are a little harder to cast, but a little more powerful.


Message History

Press: ? - help, Shift-Dir - straight line, f - killer bee, p - killer bee
Aim: a killer bee (52% to evade)
The zap hits the killer bee.
The killer bee is severely wounded.
The zap hits the killer bee.
The killer bee is moderately wounded.
The zap hits the killer bee!
The killer bee is heavily wounded.
You feel sick. The killer bee closely misses you. The killer bee stings you.
* * * LOW HITPOINT WARNING * * *
Unknown command.
You fade into invisibility!
The killer bee barely misses you. You block the killer bee's attack.
You are very lightly contaminated with residual magic.
You feel sick. The killer bee barely misses you. The killer bee misses you.
You feel sick. The killer bee stings you.
You die...

#.# #......##..).### #.##.. ##.#
######.##.#### #..#.. ##..#
####....# ##..... ###..##
#...yy### #..###. #....# ##.##.##
####.##### ##.#..##.... #y#
##....# #..
#..#.......####y######.....###.#
#.#......#......y...y.........รท.
##.#############@#####...........
.....# #.# ###.......#... .....#
######.###.............
.....######)................#####
......[.[...####..####.......#
.....######## #.## #.......#
.....# #.# #.......# .....# #.#
##.....## ###### #.# #...##


You could see 6 killer bees.

Vanquished Creatures
  Pikel (D:7)
  A gargoyle (D:7)
  A hornet (D:7)
  Duvessa (D:4)
  A water moccasin (D:7)
  2 sky beasts (D:7)
  4 ogres
  An ice beast (D:7)
  An orc warrior (D:7)
  3 phantoms
  2 centaurs
  2 lemures (D:8)
  4 bullfrogs
  Dowan (D:4)
  A wyvern skeleton (D:8)
  2 scorpions
  A water moccasin skeleton (D:7)
  4 killer bees
  3 howler monkeys (D:8)
  A centaur zombie (D:5)
  A quasit (D:6)
  A jelly (D:7)
  Crazy Yiuf (D:3)
  3 hounds
  2 orc priests
  A bullfrog skeleton (D:7)
  2 iguanas
  5 worker ants
  The ghost of faxtax the Magician, a weakling DEAE (D:3)
  12 adders
  3 white imps
  2 ufetubi
  An ooze (D:3)
  3 adder skeletons
  2 worms
  3 dart slugs
  6 leopard geckos
  13 orcs
  3 ball pythons
  4 giant cockroaches
  12 goblins
  12 hobgoblins
  18 jackals
  5 quokkas
  8 bats
  8 frilled lizards
  7 kobolds
  A quokka zombie (D:5)
  10 rats
187 creatures vanquished.

Vanquished Creatures (others)
  2 fungi (D:3)
2 creatures vanquished.

Grand Total: 189 creatures vanquished

Notes
Turn   | Place    | Note
-------+----------+-------------------------------------------
     0 | D:1      | Descartes the Deep Elf Wanderer began the quest for the
                  | Orb.
     0 | D:1      | Descartes set off with the following items: a +0 dagger, a
                  | +0 robe; and the following spells available to memorise:
                  | Magic Dart, Shock, Searing Ray, Beastly Appendage, Dazzling
                  | Flash, Mephitic Cloud, Ignite Poison, Fulminant Prism,
                  | Iskenderun's Mystic Blast
     0 | D:1      | Reached XP level 1. HP: 10/10 MP: 5/5
     2 | D:1      | Learned a level 1 spell: Shock
     4 | D:1      | Learned a level 1 spell: Magic Dart
   471 | D:1      | Reached XP level 2. HP: 15/15 MP: 4/6
   553 | D:1      | Reached skill level 4 in Conjurations
  1247 | D:2      | Reached XP level 3. HP: 19/19 MP: 4/7
  1644 | D:2      | You fall into a shaft and drop 1 floor!
  1906 | D:3      | Reached XP level 4. HP: 24/24 MP: 0/9
  2099 | D:3      | Found a large runed translucent door.
  2102 | D:3      | Found a large runed translucent door.
  2103 | D:3      | Noticed faxtax's ghost (weakling DEAE)
  2103 | D:3      | You fall into a shaft and drop 3 floors!
  2109 | D:6      | Reached skill level 5 in Conjurations
  2187 | D:5      | Entered Level 5 of the Dungeon
  2189 | D:5      | Noticed a phantom
  2241 | D:5      | Killed a phantom
  2242 | D:5      | Reached XP level 5. HP: 13/28 MP: 0/12
  3001 | D:3      | Reached XP level 6. HP: 12/32 MP: 9/14
  3970 | D:2      | Found a radiant altar of Vehumet.
  4501 | D:2      | Became a worshipper of Vehumet
  4620 | D:3      | Found a runed translucent door.
  4621 | D:3      | Noticed Crazy Yiuf
  5014 | D:3      | Killed faxtax's ghost
  5419 | D:4      | Reached skill level 5 in Spellcasting
  5419 | D:4      | Reached skill level 6 in Conjurations
  5932 | D:4      | Noticed Dowan
  5933 | D:4      | Noticed Duvessa
  5945 | D:4      | Killed Duvessa
  5946 | D:4      | Reached XP level 7. HP: 23/36 MP: 9/16
  5954 | D:4      | Killed Dowan
  6252 | D:3      | Killed Crazy Yiuf
  6337 | D:3      | Learned a level 3 spell: Mephitic Cloud
  6341 | D:3      | Learned a level 3 spell: Ignite Poison
  6496 | D:5      | Reached skill level 5 in Air Magic
  6799 | D:5      | Reached skill level 1 in Poison Magic
  6900 | D:5      | Reached skill level 7 in Conjurations
  6900 | D:5      | Reached skill level 1 in Fire Magic
  7536 | D:6      | Reached XP level 8. HP: 41/41 MP: 13/17
  7699 | D:5      | Reached * piety under Vehumet
  7699 | D:5      | Offered knowledge of Sandblast by Vehumet.
  8607 | D:6      | Learned a level 1 spell: Sandblast
  9066 | D:7      | Found a bloodstained altar of Trog.
  9315 | D:6      | Learned a level 2 spell: Searing Ray
  9346 | D:7      | Reached skill level 1 in Transmutations
  9491 | D:6      | Learned a level 6 spell: Invisibility
  9781 | D:7      | Found a staircase to the Ecumenical Temple.
  9782 | D:7      | Noticed a hornet
  9799 | D:7      | Paralysed by a hornet for 1 turns
  9801 | D:7      | Killed a hornet
  9802 | D:7      | Reached skill level 8 in Conjurations
  9802 | D:7      | Reached skill level 1 in Hexes
 10359 | D:7      | Reached XP level 9. HP: 45/45 MP: 13/18
 10365 | D:7      | Reached skill level 1 in Evocations
 10839 | D:7      | Found Vuliddij's Magic Scroll Emporium.
 10847 | D:7      | Bought a scroll of amnesia for 35 gold pieces
 10847 | D:7      | Bought a scroll of identify for 20 gold pieces
 10847 | D:7      | Bought a scroll of identify for 20 gold pieces
 10847 | D:7      | Bought a scroll of identify for 20 gold pieces
 10847 | D:7      | Bought a scroll of magic mapping for 35 gold pieces
 11068 | D:7      | Gained mutation: Your magical capacity is low. (-10% MP)
                  | [potion of mutation]
 11068 | D:7      | Gained mutation: You expend magic power (3 MP) to
                  | strengthen your wands. [potion of mutation]
 11317 | D:8      | Noticed a gargoyle
 11325 | D:7      | Reached skill level 1 in Dodging
 11477 | Temple   | Entered the Ecumenical Temple
 11677 | D:8      | Noticed Pikel
 11798 | D:7      | Killed Pikel
 11799 | D:7      | Reached skill level 1 in Stealth
 11890 | D:7      | Lost mutation: Your magical capacity is low. (-10% MP)
                  | [potion of mutation]
 11890 | D:7      | Lost mutation: You expend magic power (3 MP) to strengthen
                  | your wands. [potion of mutation]
 11890 | D:7      | Gained mutation: Your spells are a little harder to cast,
                  | but a little more powerful. [potion of mutation]
 11890 | D:7      | Gained mutation: Your muscles are strong. (Str +2) [potion
                  | of mutation]
 12322 | D:7      | Killed a gargoyle
 12323 | D:7      | Reached skill level 5 in Poison Magic
 12727 | D:8      | Reached skill level 5 in Hexes
 12744 | D:8      | Reached skill level 1 in Earth Magic
 13005 | D:8      | Slain by a killer bee

Illustrated notes

Levels and vault maps discovered:
D:1:      shiori_arrival_elements, layout_basic
D:2:      layout_basic, nicolae_overflow_crystal_walls, minmay_misc_feat_tiny,
          st_stairs_1, minmay_lizard_pond
D:3:      layout_loops_ring, ebering_ghost_disaster_area, minmay_misc_feat_x,
          st_stairs_2, minmay_divided_ellipse, uniq_crazy_yiuf_cottage
D:4:      layout_basic, uniq_duvessa
D:5:      layout_basic
D:6:      layout_basic
D:7:      layout_basic, temple_fountains, serial_shops, shop_statue,
          minmay_ruined_shrine
D:8:      layout_rooms, uniq_pikel
Temple:   compressed_dpeg_circular_temple

Skill      XL: |  1  2  3  4  5  6  7  8  9 |
---------------+----------------------------+-----
Conjurations   | 4 5 6 7 8 |  8.9
Spellcasting   | 2 3 4 5 |  5.5
Air Magic      | 3 4 5 6 7 |  7.0
Poison Magic   | 2 4 5 |  5.0
Fire Magic     | 2 3 |  3.0
Transmutations | 2 3 |  3.0
Necromancy     | 3 |  3.0
Hexes          | 2 5 |  5.1
Evocations     | 3 |  3.4
Dodging        | 2 |  2.9
Stealth        | 3 |  3.0
Earth Magic    | 1 |  1.2
Throwing       | |  1.0
Shields        | |  1.0

Action                   |  1- 3 |  4- 6 |  7- 9 || total
-------------------------+-------+-------+-------++-------
Melee: Dagger            |    18 |       |    51 ||    69
 Cast: Shock             |    82 |   122 |   118 ||   322
       Magic Dart        |    13 |    25 |   219 ||   257
       Searing Ray       |       |       |     3 ||     3
Evoke: Wand              |       |       |     4 ||     4
  Use: Potion            |       |       |     8 ||     8
       Scroll            |       |       |    13 ||    13
Armor: Robe              |     1 |       |       ||     1
       Leather armour    |    16 |    10 |    77 ||   103
Dodge: Dodged            |    27 |    11 |   123 ||   161
Block: Other             |       |       |    25 ||    25
       Reflection        |       |       |     2 ||     2
